 Dungeon Sprint DCSS version 0.20-a0-251-g16a58bf (webtiles) character file.

1253 Dfrag the Blocker (level 8, -2/58 HPs)
             Began as a Gargoyle Fighter on Nov 30, 2016.
             Was an Initiate of Gozag.
             Slain by a hill giant
             ... wielding a +0 giant club
              (11 damage)
             ... in the Dungeon (Sprint IX: "|||||||||||||||||||||||||||||").
             The game lasted 00:01:36 (771 turns).

Dfrag the Blocker (Gargoyle Fighter)                 Turns: 771, Time: 00:01:37

Health: -2/58      AC: 19    Str: 23    XL:     8   Next: 51%
Magic:  8/8        EV:  7    Int: 12    God:    Gozag
Gold:   531        SH: 12    Dex: 11    Spells: 7/7 levels left

rFire  . . .     SeeInvis .     p - +2 scimitar (elec)
rCold  . . .     Gourm    .     r - +1 chain mail
rNeg   + . .     Faith    .     c - +0 shield
rPois  ∞         Spirit   .     (helmet restricted)
rElec  +         Reflect  .     (no cloak)
rCorr  .         Harm     .     q - +0 pair of gloves
MR     .....     NoTele   +     (no boots)
Stlth  ..........               (no amulet)
                                s - +3 ring of strength
                                t - +3 ring of intelligence

@: exhausted, slowed, very slow
A: beak, talons 1, negative energy resistance 1, electricity resistance, wild
magic 1, unbreathing, petrification resistance, rot immunity, AC +5
a: Potion Petition, Call Merchant, Bribe Branch, Renounce Religion


You were in the Dungeon.
You worshipped Gozag.
Gozag was pleased with you.
You were not hungry.

You visited 1 branch You collected 531 gold pieces.

Inventory:

Hand Weapons
 a - a +0 flail
 p - a +2 scimitar of electrocution (weapon)
Armour
 b - a +0 scale mail
 c - a +0 shield (worn)
 q - a +0 pair of gloves (worn)
 r - a +1 chain mail (worn)
Jewellery
 s - a +3 ring of strength (right hand)
 t - a +3 ring of intelligence (left hand)
Wands
 o - a wand of iceblast (7/15)
Scrolls
 k - 2 scrolls of blinking
 m - 3 scrolls of remove curse
 n - 2 scrolls of amnesia
Potions
 d - a potion of might
 e - 5 potions of curing
 g - 3 potions of heal wounds
 h - a potion of haste
 i - 4 potions of magic
 j - a potion of berserk rage
 l - a potion of invisibility
Comestibles
 f - a bread ration


   Skills:
 + Level 10.5 Fighting
 + Level 6.6 Long Blades
 - Level 6.0 Maces & Flails
 + Level 10.5 Armour
 + Level 10.6 Shields


You had 7 spell levels left.
You didn't know any spells.

Dungeon Overview and Level Annotations

Branches:
Dungeon (1/1)

Altars:
Cheibriados
Dithmenos
Elyvilon
Fedhas
Gozag
Hepliaklqana
Kikubaaqudgha
Makhleb
Nemelex Xobeh
Okawaru
Qazlal
Ru
Sif Muna
Trog
Uskayaw
Vehumet
Xom
Yredelemnul
Zin
The Shining One
Beogh
Jiyva
Lugonu


Innate Abilities, Weirdness & Mutations

You are resistant to torment.
Your stone body is resilient. (AC +5)
You are immune to poison.
You resist negative energy. (rN+)
You are resistant to electric shocks. (rElec)
You can survive without breathing.
You are immune to petrification.
You are immune to rotting.
You have a beak for a mouth.
You have sharp toenails.
Your spells are a little harder to cast, but a little more powerful.


Message History

The hill giant hits you but does no damage.
You slash the hill giant! Your kick misses the hill giant.
The hill giant is moderately wounded.
The bullfrog is no longer distracted by gold.
The hill giant hits you with a giant club!
You slash the hill giant!
You claw the hill giant, but do no damage.
You peck the hill giant.
The hill giant is heavily wounded.
The hill giant barely misses you.
The hill giant hits you with a giant club!
* * * LOW HITPOINT WARNING * * *
Evoke which item? (* to show all) (? for menu, Esc to quit)
Okay, then.
Your shield and chain mail prevent you from hitting the hill giant.
You peck the hill giant, but do no damage.
The hill giant is heavily wounded.
The hill giant hits you with a giant club!
You die...
Your body crumbles into a pile of gold.

▓.▓
$
▓(▓
$
▓)▓
$
▓.▓
$
▓.▓
$
▓.▓
$
▓.▓
$
▓.▓
▓@▓
▓C▓
▓F▓
▓W▓
▓.▓
▓.▓
▓.▓
▓+▓


You could see a hill giant, a wraith and a bullfrog.

Vanquished Creatures
  An ugly thing (D)
  A troll (D)
  A hornet (shapeshifter) (D)
  A sky beast (D)
  An orc warrior (D)
  2 centaurs (D)
  A wight (D)
  An orc wizard (D)
  A worker ant (D)
  2 adders (D)
  An adder zombie (D)
  A leopard gecko (D)
  An orc (D)
  A bat (D)
  2 frilled lizards (D)
  A rat (D)
19 creatures vanquished.

Notes
Turn   | Place    | Note
-------+----------+-------------------------------------------
     0 | D        | Dfrag the Gargoyle Fighter began the quest for the Orb.
     0 | D        | Reached XP level 1. HP: 14/14 MP: 1/1
    85 | D        | Noticed a centaur
    85 | D        | Noticed a sky beast
    91 | D        | Killed a centaur
    91 | D        | Reached skill level 5 in Fighting
    91 | D        | Reached skill level 5 in Armour
    91 | D        | Reached skill level 5 in Shields
    91 | D        | Reached XP level 2. HP: 16/21 MP: 2/2
    91 | D        | Reached XP level 3. HP: 19/26 MP: 3/3
    91 | D        | Reached XP level 4. HP: 23/31 MP: 4/4
   124 | D        | Killed a sky beast
   124 | D        | Reached XP level 5. HP: 8/38 MP: 5/5
   129 | D        | Gained mutation: You have a beak for a mouth. [mutagenic meat]
   130 | D        | Gained mutation: You have sharp toenails. [mutagenic meat]
   132 | D        | Gained mutation: Your spells are a little harder to cast, but a little more powerful. [mutagenic meat]
   369 | D        | Found a roughly hewn altar of Beogh.
   369 | D        | Found a snail-covered altar of Cheibriados.
   369 | D        | Found a shadowy altar of Dithmenos.
   369 | D        | Found a white marble altar of Elyvilon.
   369 | D        | Found a blossoming altar of Fedhas.
   369 | D        | Found an opulent altar of Gozag.
   370 | D        | Found a hazy altar of Hepliaklqana.
   371 | D        | Found a viscous altar of Jiyva.
   372 | D        | Found an ancient bone altar of Kikubaaqudgha.
   373 | D        | Found a corrupted altar of Lugonu.
   374 | D        | Found a burning altar of Makhleb.
   375 | D        | Found a sparkling altar of Nemelex Xobeh.
   376 | D        | Found an iron altar of Okawaru.
   377 | D        | Became a worshipper of Gozag Ym Sagoz the Greedy
   378 | D        | Found a stormy altar of Qazlal.
   379 | D        | Found a sacrificial altar of Ru.
   380 | D        | Found a deep blue altar of Sif Muna.
   381 | D        | Found a bloodstained altar of Trog.
   382 | D        | Found a hide-covered altar of Uskayaw.
   383 | D        | Found a radiant altar of Vehumet.
   384 | D        | Found a shimmering altar of Xom.
   385 | D        | Found a basalt altar of Yredelemnul.
   386 | D        | Found a glowing silver altar of Zin.
   387 | D        | Found a glowing golden altar of the Shining One.
   435 | D        | Noticed a troll
   435 | D        | Noticed a centaur
   435 | D        | Noticed an orc warrior
   439 | D        | Reached skill level 1 in Long Blades
   446 | D        | Killed a troll
   446 | D        | Reached XP level 6. HP: 22/45 MP: 6/6
   450 | D        | Reached XP level 7. HP: 25/50 MP: 7/7
   744 | D        | Noticed a troll
   744 | D        | Noticed a brown ugly thing
   744 | D        | Noticed a hill giant
   744 | D        | Noticed a wraith
   745 | D        | Reached skill level 5 in Long Blades
   754 | D        | Noticed a hornet
   754 | D        | a troll changed into a hornet
   765 | D        | Killed a brown ugly thing
   765 | D        | Reached skill level 10 in Fighting
   765 | D        | Reached skill level 10 in Armour
   765 | D        | Reached skill level 10 in Shields
   765 | D        | Reached XP level 8. HP: 30/57 MP: 8/8
   766 | D        | Killed a hornet
   771 | D        | Slain by a hill giant

Vault maps used:
D:        linesprint

Skill      XL: |  1  2  3  4  5  6  7 |
---------------+----------------------+-----
Fighting       | 5 7 8 10 | 10.5
Maces & Flails | 4 6 |  6.0
Armour         | 5 6 8 10 | 10.5
Shields        | 5 7 8 10 | 10.6
Long Blades    | 3 6 |  6.6

Action                   |  1- 3 |  4- 6 |  7- 9 || total
-------------------------+-------+-------+-------++-------
Melee: Flail             |    22 |    32 |       ||    54
       Scimitar          |       |    15 |    42 ||    57
       Kick              |       |     7 |     9 ||    16
       Peck              |       |     5 |     7 ||    12
Invok: Potion Petition   |       |       |     1 ||     1
  Eat: Chunk             |       |     4 |       ||     4
Armor: Scale mail        |    15 |    18 |       ||    33
       Chain mail        |       |     9 |    17 ||    26
Dodge: Dodged            |     9 |    15 |     8 ||    32
Block: Shield            |     8 |    18 |    20 ||    46
       Rpst.: Scimitar   |       |     1 |     1 ||     2
